 Dungeon Crawl Stone Soup version 0.32-a0-886-g41c5271027 (webtiles) character file.

Game seed: 14323622070141484630

55 PriceMaster the Gusty (level 3, -1/19 HPs)
             Began as a Tengu Air Elementalist on Apr 3, 2024.
             Slain by a hobgoblin (4 damage)
             ... led by Robin
             ... on level 2 of the Dungeon.
             The game lasted 00:02:45 (1141 turns).

PriceMaster the Gusty (Tengu Air Elementalist)      Turns: 1141, Time: 00:02:46

Health: -1/19      AC:  3    Str:  8    XL:     3   Next: 93%
Magic:  1/7        EV: 11    Int: 17    God:
Gold:   41         SH:  0    Dex: 14    Spells: 5/6 levels left

rFire   . . .        b - +0 dagger
rCold   + . .        (no shield)
rNeg    . . .        a - +0 robe
rPois   .            (helmet restricted)
rElec   .            (no cloak)
rCorr   .            (no gloves)
SInv    .            (boots unavailable)
Will    .....        (no amulet)
Stlth   ++           (no ring)
HPRegen 0.23/turn    (no ring)
MPRegen 0.10/turn

%: acrobat
@: attractive
A: beak, talons 3, acrobatic, cold resistance 1, shaggy fur 1, sturdy frame 1
a: no special abilities


You were on level 2 of the Dungeon.
You visited 1 branch of the dungeon, and saw 2 of its levels.

You collected 41 gold pieces.

Inventory:

Hand Weapons
 b - a +0 dagger (weapon)
Armour
 a - a +0 robe (worn)
Scrolls
 c - a scroll of poison {unknown}
 f - a scroll of brand weapon {unknown}


   Skills:
 + Level 0.1 Fighting
 + Level 2.3 Dodging
 + Level 2.1 Stealth
 + Level 2.3 Spellcasting
 + Level 2.4 Conjurations
 + Level 5.3 Air Magic


You had 5 spell levels left.
You knew the following spells:

 Your Spells              Type           Power      Damage    Failure   Level
a - Shock                 Conj/Air       60%        1d6       3%          1

Your spell library contained the following spells:

 Spells                   Type           Power      Damage    Failure   Level
 Static Discharge         Conj/Air       30%        3-5/arc   6%          2
 Swiftness                Air            20%        N/A       6%          3
 Airstrike                Air            10%        2d(2-18)  21%         4


Dungeon Overview and Level Annotations

Branches:
Dungeon (2/15)

Altars:

Shops:
D:1 (

Annotations:
D:2 Robin


Innate Abilities, Weirdness & Mutations

You have a beak for a mouth.
You have claws for feet.
You can magically evade attacks while moving or waiting.
Your flesh is cold resistant. (rC+)
You are covered in fur. (AC +1)
Your movements are slightly less encumbered by armour. (ER -2)


Message History

The jackal is almost dead.
The zap hits Robin but does no damage.
Robin is moderately wounded.
The zap misses Robin.
The jackal bites you but does no damage.
Robin roars a battlecry!
The hobgoblin goes into a battle-frenzy!
The jackal misses you.
It was a potion of attraction.
You feel attractive to monsters.
The jackal bites you but does no damage.
The hobgoblin is attracted toward you.
It was a potion of mutation.
You feel extremely strange.
You feel resistant to cold.
You feel less encumbered by your armour.
Fur sprouts all over your body. The jackal barely misses you.
The hobgoblin closely misses you.
The jackal bites you but does no damage.
You closely miss the hobgoblin.
Robin says, "My goblins will feast on your bones."
The jackal closely misses you. The hobgoblin hits you.
* * * LOW HITPOINT WARNING * * *
You barely miss the hobgoblin. The jackal misses you.
The hobgoblin barely misses you.
You completely miss the hobgoblin. The jackal bites you.
* * * LOW HITPOINT WARNING * * *
The jackal closely misses you. The hobgoblin barely misses you.
You closely miss the hobgoblin. Your kick misses the hobgoblin.
You peck the hobgoblin.
The hobgoblin is heavily wounded.
The jackal barely misses you.
The hobgoblin hits you but does no damage.
You hit the hobgoblin but do no damage.
The hobgoblin is heavily wounded.
The jackal closely misses you. The hobgoblin barely misses you.
The jackal bites you but does no damage.
You barely miss the hobgoblin. Your kick misses the hobgoblin.
The hobgoblin is heavily wounded.
The jackal barely misses you. The hobgoblin hits you.
You die...

..).....####.........####.#
.......h)##..........).##.#
.....h...)#...)......#.##.###
........#...........<#)##.#..
.....#####h...†......#g##.#.#
..... #.#.........#.##.#.#
.... #)###########g##.#.#
.... #h####........g#.#.#
#gh@g.....(.........
######.........#g#..
.....>...#.... ..###.#.####g#
. #.#...g.gg ..........
......gg... #. ..g.g....
..gg.....


You could see Robin, 2 jackals and a hobgoblin (strong).

Vanquished Creatures
  A gnoll (D:1)
  2 dart slugs (D:1)
  A ribbon worm (D:2)
  3 bats
  4 endoplasms (D:1)
  3 giant cockroaches
  11 goblins
  4 hobgoblins
  2 ball pythons
  A kobold (D:1)
  2 rats (D:1)
34 creatures vanquished.

Notes
Turn   | Place    | Note
-------+----------+-------------------------------------------
     0 | D:1      | PriceMaster the Tengu Air Elementalist began the quest for
                  | the Orb.
     0 | D:1      | Reached XP level 1. HP: 10/10 MP: 4/4
   127 | D:1      | Reached XP level 2. HP: 15/15 MP: 3/6
   433 | D:1      | Reached skill level 5 in Air Magic
   433 | D:1      | Reached XP level 3. HP: 19/19 MP: 2/7
   543 | D:1      | Found Nalefues's Weapon Shoppe.
  1076 | D:2      | Noticed Robin
  1135 | D:2      | Gained mutation: Your flesh is cold resistant. (rC+)
                  | [potion of mutation]
  1135 | D:2      | Gained mutation: Your movements are slightly less
                  | encumbered by armour. (ER -2) [potion of mutation]
  1135 | D:2      | Gained mutation: You are covered in fur. (AC +1) [potion of
                  | mutation]
  1141 | D:2      | Slain by a hobgoblin

Illustrated notes

Levels and vault maps discovered:
D:1:      orjb1_lava_funnel, layout_loops_ring, serial_shops,
          nicolae_shop_tiny_glass
D:2:      layout_basic, uniq_robin, uniq_crazy_yiuf_cottage, uniq_sigmund

Skill      XL: |  1  2 |
---------------+-------+-----
Conjurations   | 2 |  2.4
Air Magic      | 5 |  5.3
Fighting       | |  0.1
Dodging        | |  2.3
Stealth        | |  2.1
Spellcasting   | |  2.3

Action                     || total
---------------------------++-------
  Melee: Unarmed           ||     3
         Kick              ||     9
         Peck              ||     6
         Dagger            ||    19
   Cast: Shock             ||    64
    Use: Potion            ||     4
 Armour: Robe              ||    28
  Dodge: Dodged            ||    30

Table legend: (Time is in decaauts)
 A = Elapsed time spent in this place.
 B = Non-inter-level travel time spent in this place.
 C = Inter-level travel time spent in this place.
 D = Time resting spent in this place.
 E = Time spent auto-exploring this place.
 F = Levels seen in this place.
 G = Mean time per level.
                   A        B        C        D        E       F      G
               +--------+--------+--------+--------+--------+-----+--------+
         Total |   1140 |   1110 |     30 |      2 |    913 |   2 |  570.0 |
       Dungeon |   1140 |   1110 |     30 |      2 |    913 |   2 |  570.0 |
               +--------+--------+--------+--------+--------+-----+--------+

Top non-repeatable levels by time:
     D:1: 933 daAuts
     D:2: 206 daAuts
